 Dungeon Crawl Stone Soup version 0.23.2 (webtiles) character file.

Game seed: 18423433021378922605

2391 Menchi the Covert (level 9, -2/48 HPs)
             Began as a Kobold Assassin on Apr 10, 2019.
             Was a Follower of Dithmenos.
             Shot with a sling bullet by Joseph (4 damage)
             ... on level 7 of the Dungeon.
             The game lasted 00:24:44 (7444 turns).

Menchi the Covert (Kobold Assassin)                 Turns: 7444, Time: 00:24:44

Health: -2/48      AC:  8    Str: 10    XL:     9   Next: 74%
Magic:  0/9        EV: 18    Int: 10    God:    Dithmenos [*.....]
Gold:   465        SH:  0    Dex: 18    Spells: 8/8 levels left

rFire    . . .     SeeInvis .   b - +0 blowgun
rCold    . . .     Gourm    .   (shield restricted)
rNeg     . . .     Faith    .   i - +3 leather armour {rPois}
rPois    +         Spirit   +   o - +0 helmet
rElec    .         Reflect  .   d - +0 cloak
rCorr    .         Harm     .   (no gloves)
MR       .....                  (no boots)
Stlth    ++++++....             x - amulet of guardian spirit
HPRegen  0.16/turn              (no ring)
MPRegen  0.11/turn              (no ring)

@: wreathed by umbra
A: small, blink, carnivore, dopey 1
a: Blink, Renounce Religion


You were on level 7 of the Dungeon.
You worshipped Dithmenos.
Dithmenos was aware of your devotion.
You were very full.

You visited 2 branches of the dungeon, and saw 9 of its levels.
You also visited: Sewer.

You collected 465 gold pieces.

Inventory:

Hand Weapons
 a - a +3 dagger of flaming
 b - a +0 blowgun (weapon)
 D - a +3 short sword
Missiles
 e - 49 poisoned needles (quivered)
 f - 7 curare-tipped needles
Armour
 d - a +0 cloak (worn)
 i - a +3 leather armour of poison resistance (worn)
 o - a +0 helmet (worn)
 E - a +0 pair of gloves
Jewellery
 w - an uncursed amulet of regeneration
 x - an amulet of guardian spirit (around neck)
 B - an uncursed amulet of harm {unknown}
Wands
 p - a wand of flame (19)
 r - a wand of polymorph (27)
Scrolls
 k - 6 scrolls of identify
 l - a scroll of fog
 n - 6 scrolls of remove curse
 q - 2 scrolls of blinking
 t - 2 scrolls of amnesia {unknown}
 v - a scroll of teleportation
 y - a scroll of fear {unknown}
 z - 4 scrolls of magic mapping
Potions
 c - a potion of ambrosia
 h - 2 potions of lignification
 m - 2 potions of flight
 s - 2 potions of curing
 u - 2 potions of berserk rage
 A - a potion of brilliance {unknown}
Comestibles
 g - 14 rations


   Skills:
 - Level 2.1 Fighting
 * Level 10.6 Short Blades
 - Level 2.1 Throwing
 * Level 5.9 Dodging
 * Level 12.4 Stealth


You had 8 spell levels left.
You didn't know any spells.
Your spell library contained the following spells:

 Spells                   Type           Power        Failure   Level  Hunger
 Animate Skeleton         Necr           N/A          45%         1    ##.....
 Apportation              Tloc           #.....       45%         1    ##.....
 Confusing Touch          Hex            #.....       45%         1    ##.....
 Summon Small Mammal      Summ           #...         45%         1    ##.....
 Confuse                  Hex            #.......     83%         3    ####...
 Gell's Gravitas          Tloc           #.........   83%         3    ####...
 Petrify                  Tmut/Erth      #.......     99%         4    #####..
 Metabolic Englaciation   Hex/Ice        #.........   100%        5    ######.
 Yara's Violent Unravell  Hex/Tmut       #.........   100%        5    ######.


Dungeon Overview and Level Annotations

Branches:
Dungeon (8/15)             Temple (1/1) D:4
   Lair: D:8-11

Altars:
Ashenzari
Cheibriados
Dithmenos
Elyvilon
Fedhas
Gozag
Hepliaklqana
Kikubaaqudgha
Makhleb
Nemelex Xobeh
Okawaru
Qazlal
Ru
Sif Muna
Trog
Uskayaw
Vehumet
Wu Jian
Xom
Yredelemnul
Zin
The Shining One

Shops:
D:4 !

Annotations:
D:7 Joseph


Innate Abilities, Weirdness & Mutations

You are small and have problems with some larger weapons.
You are carnivorous and can eat meat at any time.
You can translocate small distances at will.
You are dopey. (Int -2)


Message History

Wield which item (- for none, * to show all)? (? for menu, Esc to quit)
Your +3 dagger of flaming stops flaming.
b - a +0 blowgun (weapon)
You are too injured to fight recklessly!
Firing (i - inventory. (/) - cycle)
j - a needle of sleeping (quivered)
Press: ? - help, Shift-Dir - straight line, f - Joseph
Aim: Joseph, wielding a +0 hunting sling of freezing and wearing a +0 leather armour (umbra, chance to sleep on hit: 35%)
You shoot a needle of sleeping.
The needle of sleeping closely misses Joseph.
Joseph shoots a sling bullet.
The sling bullet hits you. The sling bullet freezes you.
* * * LOW HITPOINT WARNING * * *
Firing (i - inventory. (/) - cycle)
e - 50 poisoned needles (quivered)
Press: ? - help, Shift-Dir - straight line, f/p - Joseph
Aim: Joseph, wielding a +0 hunting sling of freezing and wearing a +0 leather armour (umbra)
You shoot a poisoned needle. The poisoned needle hits Joseph.
Joseph is poisoned.
Joseph shoots a sling bullet.
The sling bullet hits you!
* * * LOW HITPOINT WARNING * * *
The sling bullet freezes you.
You die...

### .(# #
###@#######
#.#..........
#.#.#@# ###
#...((# ...
###.### ##. #.#
#. #.# #. #.#
#. ##.# #. #..#
##### #. #.##
#...##########.


You could see Joseph.

Vanquished Creatures
  A hungry ghost (D:8)
  Duvessa (D:7)
  A sky beast (D:5)
  An ice beast (D:6)
  4 ogres
  3 phantoms
  A centaur (D:3)
  A crocodile (Sewer)
  A big kobold (D:7)
  A gnoll sergeant (D:4)
  Dowan (D:7)
  A scorpion (D:4)
  A crimson imp (D:6)
  2 orc priests
  6 orc wizards
  3 bullfrog skeletons
  3 iguanas
  6 worker ants
  2 hound skeletons
  11 adders
  9 gnolls
  3 shadow imps
  2 oozes (D:2)
  An adder skeleton (D:4)
  5 worms
  2 dart slugs
  3 leopard geckos
  22 orcs
  A ball python (D:2)
  4 giant cockroaches
  5 goblins
  6 hobgoblins
  5 jackals
  12 kobolds
  3 quokkas (D:4)
  15 bats
  8 frilled lizards
  8 rats
165 creatures vanquished.

Vanquished Creatures (others)
  An orc wizard (D:6)
1 creature vanquished.

Grand Total: 166 creatures vanquished

Notes
Turn   | Place    | Note
-------+----------+-------------------------------------------
     0 | D:1      | Menchi the Kobold Assassin began the quest for the Orb.
     0 | D:1      | Reached XP level 1. HP: 12/12 MP: 1/1
   354 | D:1      | Reached XP level 2. HP: 17/17 MP: 2/2
   388 | D:1      | Reached skill level 6 in Stealth
   789 | D:1      | Reached XP level 3. HP: 21/21 MP: 3/3
  1427 | D:2      | Reached XP level 4. HP: 26/26 MP: 4/4
  1521 | D:2      | Reached skill level 7 in Stealth
  1709 | D:2      | Found a white marble altar of Elyvilon.
  1716 | D:2      | Reached XP level 5. HP: 30/30 MP: 5/5
  1957 | D:3      | Noticed a centaur
  1962 | D:3      | Killed a centaur
  1962 | D:3      | Reached skill level 8 in Stealth
  2118 | D:3      | Reached XP level 6. HP: 35/35 MP: 6/6
  2503 | D:3      | Found a glowing drain.
  2508 | Sewer    | Entered a sewer
  2548 | Sewer    | Reached skill level 5 in Short Blades
  2705 | D:4      | Noticed an ogre
  2709 | D:4      | Killed an ogre
  2709 | D:4      | Reached skill level 9 in Stealth
  2709 | D:4      | Reached XP level 7. HP: 40/40 MP: 7/7
  3385 | D:4      | Found a glowing golden altar of the Shining One.
  3426 | D:4      | Found a staircase to the Ecumenical Temple.
  3434 | Temple   | Entered the Ecumenical Temple
  3474 | Temple   | Became a worshipper of Dithmenos the Shadowed
  3821 | D:4      | Reached XP level 8. HP: 44/44 MP: 8/8
  3849 | D:4      | Reached skill level 10 in Stealth
  3951 | D:4      | Found Ickeit's Distillery.
  3994 | D:4      | Reached * piety under Dithmenos
  4191 | D:5      | Entered Level 5 of the Dungeon
  4284 | D:5      | Gained mutation: You are dopey. (Int -2) [potion of
                  | mutation]
  4284 | D:5      | Gained mutation: You can translocate small distances at
                  | will. [potion of mutation]
  5375 | D:6      | Found a sparkling altar of Nemelex Xobeh.
  6072 | D:6      | Reached skill level 11 in Stealth
  6072 | D:6      | Reached XP level 9. HP: 34/48 MP: 6/9
  6390 | D:7      | Reached skill level 5 in Dodging
  6736 | D:7      | Reached skill level 10 in Short Blades
  6778 | D:7      | Noticed Dowan
  6779 | D:7      | Noticed Duvessa
  6818 | D:7      | Killed Duvessa
  6818 | D:7      | Reached skill level 12 in Stealth
  6843 | D:7      | Killed Dowan
  7439 | D:7      | Noticed Joseph
  7444 | D:7      | HP: 2/48 [Joseph/sling bullet (12)]
  7444 | D:7      | Shot with a sling bullet by Joseph

Skill      XL: |  1  2  3  4  5  6  7  8  9 |
---------------+----------------------------+-----
Stealth        | 6 7 8 9 11 12 | 12.4
Short Blades   | 3 4 5 7 9 10 | 10.6
Dodging        | 2 4 5 |  5.9
Fighting       | |  2.1
Throwing       | |  2.1

Action                   |  1- 3 |  4- 6 |  7- 9 || total
-------------------------+-------+-------+-------++-------
Melee: Dagger            |    42 |       |   170 ||   212
       Short sword       |    39 |    71 |   255 ||   365
       Unarmed           |       |       |     6 ||     6
 Fire: Blowgun           |     2 |       |    18 ||    20
 Abil: Blink             |       |       |    11 ||    11
Evoke: Wand              |       |       |    33 ||    33
  Use: Scroll            |     3 |       |    11 ||    14
       Potion            |       |       |     5 ||     5
 Stab: Sleeping          |    15 |    21 |    15 ||    51
       Distracted        |       |       |     5 ||     5
       Confused          |       |       |     1 ||     1
  Eat: Chunk             |    10 |     4 |    17 ||    31
Armor: Robe              |    15 |     6 |       ||    21
       Ring mail         |       |     7 |    30 ||    37
       Leather armour    |       |       |    40 ||    40
       Skin              |       |       |     6 ||     6
Dodge: Dodged            |    54 |    41 |   261 ||   356
